 Dungeon Crawl Stone Soup version 0.31-a0-879-g1609e0ac53 (webtiles) character file.

Game seed: 8427895526048499544

893 p00ps00p the Chopper (level 8, -1/71 HPs)
             Began as a Hill Orc Fighter on Oct 15, 2023.
             Was an Initiate of Gozag.
             Succumbed to an orc warrior's poison
             ... on level 6 of the Dungeon.
             The game lasted 00:31:48 (5086 turns).

p00ps00p the Chopper (Hill Orc Fighter)             Turns: 5086, Time: 00:31:48

Health: -1/71      AC: 17    Str: 25    XL:     8   Next: 6%
Magic:  8/8        EV:  6    Int:  8    God:    Gozag
Gold:   653        SH:  5    Dex: 14    Spells: 7/7 levels left

rFire   . . .        a - +3 war axe
rCold   . . .        c - +0 buckler
rNeg    . . .        K - +0 plate armour
rPois   .            (no helmet)
rElec   .            (no cloak)
rCorr   +            w - +0 pair of gloves
SInv    .            (no boots)
Will    +....        z - amulet "Vuitayk" {Regen+ rCorr Str+4 Dex+4} Stlth
                     u - +4 ring of protection
HPRegen 1.11/turn    L - ring of willpower
MPRegen 0.11/turn

%: no passive effects
@: lethally poisoned (-1 -> -19)
A: no striking features
a: Renounce Religion, Potion Petition, Call Merchant, Bribe Branch


You were on level 6 of the Dungeon.
You worshipped Gozag.
Gozag was pleased with you.
You visited 2 branches of the dungeon, and saw 7 of its levels.

You collected 959 gold pieces.
You paid 306 gold pieces to Gozag.

Inventory:

Hand Weapons
 a - a +3 war axe (weapon)
 g - a +0 sling
 h - a +2 dagger of draining
 q - the +1 spear of Zufeteuc {flame, rElec rCorr Dex+4}
   (You found it on level 3 of the Dungeon)

   Dex+4:     It affects your dexterity (+4).
   rElec:     It insulates you from electricity.
   rCorr:     It protects you from acid and corrosion.
 y - a +0 great sword
Missiles
 i - 15 stones (quivered)
 n - 6 poisoned darts
 J - 3 boomerangs
Armour
 b - a +0 scale mail
 c - a +0 buckler (worn)
 w - a +0 pair of gloves (worn)
 K - a +0 plate armour (worn)
Magical Staves
 r - a staff of air
Jewellery
 d - a ring of flight
 u - a +4 ring of protection (left hand)
 z - the amulet "Vuitayk" (around neck) {Regen+ rCorr Str+4 Dex+4}
   (You found it on level 4 of the Dungeon)

   [amulet of regeneration]

   Str+4:     It affects your strength (+4).
   Dex+4:     It affects your dexterity (+4).
   Regen+:    It increases your rate of health regeneration.
   rCorr:     It protects you from acid and corrosion.
 L - a ring of willpower (right hand)
Talismans
 s - a flux talisman
Wands
 I - a wand of flame (27)
Scrolls
 e - a scroll of vulnerability
 k - 2 scrolls of silence
 v - a scroll of teleportation
 A - 3 scrolls of identify
 C - 2 scrolls of noise {unknown}
 F - a scroll of fog {unknown}
 G - a scroll of amnesia {unknown}
 H - a scroll of brand weapon {unknown}
Potions
 f - a potion of attraction {unknown}
 j - 2 potions of heal wounds {unknown}
 l - 2 potions of curing {unknown}
 m - 2 potions of invisibility
 o - a potion of mutation {unknown}
 p - 2 potions of magic {unknown}
 t - a potion of berserk rage {unknown}
 x - 2 potions of degeneration
 B - 2 potions of lignification {unknown}
 D - a potion of enlightenment {unknown}
 E - a potion of resistance {unknown}


   Skills:
 * Level 6.6 Fighting
 * Level 7.5 Axes
 + Level 5.2 Armour
 + Level 5.2 Shields


You had 7 spell levels left.
You didn't know any spells.
Your spell library contained the following spells:

 Spells                   Type           Power      Damage    Failure   Level
 Necrotise                Necr           0%         1d4       100%        1
 Shock                    Conj/Air       0%         1d3       100%        1
 Blink                    Tloc           0%         N/A       100%        2
 Lesser Beckoning         Tloc           0%         N/A       100%        2
 Momentum Strike          Conj/Tloc      0%         3d8       100%        2
 Poisonous Vapours        Pois/Air       0%         N/A       100%        2
 Inner Flame              Hex/Fire       0%         N/A       100%        3
 Mephitic Cloud           Conj/Pois/Air  0%         N/A       100%        3
 Swiftness                Air            0%         N/A       100%        3
 Vampiric Draining        Necr           0%         2d6       100%        3
 Airstrike                Air            0%         2d(0-16)  100%        4
 Flame Wave               Conj/Fire      0%         2d4       100%        4
 Sticky Flame             Conj/Fire      0%         2d3       100%        4
 Agony                    Necr           0%         N/A       100%        5
 Freezing Cloud           Conj/Ice/Air   0%         6-21      100%        5


Dungeon Overview and Level Annotations

Branches:
Dungeon (6/15)             Temple (1/1) D:5

Altars:
Ashenzari
Cheibriados
Dithmenos
Fedhas
Gozag
Hepliaklqana
Kikubaaqudgha
Makhleb
Okawaru
Qazlal
Ru
Sif Muna
Vehumet
Wu Jian
Xom
The Shining One

Annotations:
D:3 1 runed translucent door, Crazy Yiuf


Message History

You are more poisoned.
You hit the orc warrior but do no damage.
The orc warrior is heavily wounded.
You feel very sick. You block the orc warrior's attack.
You hit the orc warrior but do no damage.
The orc warrior is heavily wounded.
You feel very sick.
The orc warrior hits you with a +0 short sword of venom.
You are more poisoned.
You block the orc warrior's attack.
You closely miss the orc warrior.
The orc warrior is heavily wounded.
You feel very sick.
The orc warrior hits you but does no damage.
You are more poisoned.
You hit the orc warrior.
The orc warrior is severely wounded.
You feel very sick.
The orc warrior hits you with a +0 short sword of venom!
* * * LOW HITPOINT WARNING * * *
You are lethally poisoned!
You barely miss the orc warrior.
The orc warrior is severely wounded.
* * * LOW HITPOINT WARNING * * *
You feel extremely sick.
The orc warrior hits you but does no damage.
You are more poisoned.
Aiming: Throw Flame
Press: ? - help, Q - select action, (/) - cycle Shift-Dir - straight line, f - orc warrior
Aim: an orc warrior, wielding a +0 short sword of venom and wearing a +0 chain mail (severely wounded, 64% to hit)
The puff of flame hits the orc warrior but does no damage.
The orc warrior is severely wounded.
* * * LOW HITPOINT WARNING * * *
You feel extremely sick. You block the orc warrior's attack.
You slash the orc warrior!
The orc warrior is almost dead.
You die...
Your body crumbles into a pile of gold.

#...... ####.## ##.##
##.... # ##.....
#######.#### #.#..##
.......#...######.#....
########$##.#)..........
......o@$.....#####..##.
#####.#####.### .......
# #.# ###.### #.# #.#
#.# .# #.# .# ###


You could see an orc warrior.

Vanquished Creatures
  A black bear (D:6)
  An ogre (D:5)
  2 scorpions
  2 hounds
  A jelly (D:6)
  4 orc priests
  Jessica (D:3)
  2 iguanas
  An orc wizard (D:5)
  10 adders
  7 gnolls
  2 ufetubi (D:5)
  A worm (D:2)
  2 dart slugs
  11 orcs
  8 ball pythons
  4 bats
  15 endoplasms
  3 giant cockroaches
  13 goblins
  9 hobgoblins
  2 jackals (D:5)
  7 kobolds
  4 quokkas
  3 frilled lizards
  3 rats
119 creatures vanquished.

Notes
Turn   | Place    | Note
-------+----------+-------------------------------------------
     0 | D:1      | p00ps00p the Hill Orc Fighter began the quest for the Orb.
     0 | D:1      | Reached XP level 1. HP: 19/19 MP: 1/1
   149 | D:1      | Reached skill level 3 in Axes
   149 | D:1      | Reached XP level 2. HP: 27/27 MP: 2/2
   236 | D:1      | Found a faded altar of an unknown god.
   337 | D:1      | Reached XP level 3. HP: 24/25 MP: 3/3
  1284 | D:2      | Reached XP level 4. HP: 38/39 MP: 4/4
  1340 | D:2      | Reached skill level 4 in Axes
  1814 | D:2      | Identified a scroll of acquirement
  1814 | D:2      | Acquired 605 gold pieces
  2150 | D:3      | Reached XP level 5. HP: 33/47 MP: 5/5
  2690 | D:3      | Found a runed translucent door.
  2691 | D:3      | Noticed Crazy Yiuf
  2884 | D:3      | Noticed Jessica
  2938 | D:3      | Identified the +1 spear of Zufeteuc {flame, rElec rCorr
                  | Dex+4}
  2984 | D:3      | Killed Jessica
  2985 | D:3      | Reached skill level 5 in Axes
  2996 | D:3      | Found a shimmering blue altar of Sif Muna.
  3222 | D:4      | Found an ancient bone altar of Kikubaaqudgha.
  3359 | D:4      | Identified the amulet "Vuitayk" {Regen+ rCorr Str+4 Dex+4}
  3452 | D:4      | Reached XP level 6. HP: 55/55 MP: 6/6
  3912 | D:4      | Reached skill level 5 in Fighting
  3914 | D:4      | Reached skill level 6 in Axes
  4295 | D:5      | Entered Level 5 of the Dungeon
  4307 | D:5      | Reached XP level 7. HP: 16/61 MP: 7/7
  4483 | D:5      | Found a shadowy altar of Dithmenos.
  4615 | D:5      | Found a staircase to the Ecumenical Temple.
  4624 | Temple   | Entered the Ecumenical Temple
  4655 | Temple   | Became a worshipper of Gozag Ym Sagoz the Greedy
  4823 | D:5      | Reached skill level 5 in Armour
  4977 | D:6      | Reached skill level 7 in Axes
  4977 | D:6      | Reached skill level 5 in Shields
  5067 | D:6      | Reached XP level 8. HP: 71/71 MP: 8/8
  5086 | D:6      | Succumbed to an orc warrior's poison

Illustrated notes

Levels and vault maps discovered:
D:1:      dpeg_arrival_orchard, layout_basic, nicolae_ecumenical_snake_handling,
          chequers_serial_rivers_small_3
D:2:      layout_loops_ring, chequers_serial_rivers_room_a,
          minmay_misc_feat_encased, minivault_4, minmay_puff
D:3:      layout_loops_ring, tgw_sif, uniq_crazy_yiuf_cottage
D:4:      layout_layer_cave, kiku_gazebo_garden_becter
D:5:      layout_rooms, mainiacjoe_overflow_small_starburst,
          minmay_temple_entry_hall
D:6:      layout_loops_ring, lemuel_coloured_pillars_altar, lightli_orcish_oven
Temple:   nicolae_temple_bog_church

Skill      XL: |  1  2  3  4  5  6  7 |
---------------+----------------------+-----
Axes           | 3 4 5 6 7 |  7.5
Fighting       | 4 5 6 |  6.6
Armour         | 4 5 |  5.2
Shields        | 4 5 |  5.2

Action                     |  1- 3 |  4- 6 |  7- 9 || total
---------------------------+-------+-------+-------++-------
  Melee: War axe           |    76 |    97 |    70 ||   243
         Spear             |       |    59 |       ||    59
   Fire: Sling             |       |     8 |       ||     8
  Throw: Stone             |    10 |     8 |       ||    18
         Dart              |    10 |       |       ||    10
 Invoke: Potion Petition   |       |       |     1 ||     1
  Evoke: Wand              |       |       |     1 ||     1
    Use: Scroll            |     3 |     8 |       ||    11
         Potion            |       |     2 |       ||     2
   Stab: Invisible         |       |     1 |       ||     1
 Armour: Scale mail        |    39 |    98 |    25 ||   162
         Plate armour      |       |       |    35 ||    35
  Dodge: Dodged            |    31 |    57 |    19 ||   107
  Block: Buckler           |    16 |    27 |    20 ||    63

Table legend: (Time is in decaauts)
 A = Elapsed time spent in this place.
 B = Non-inter-level travel time spent in this place.
 C = Inter-level travel time spent in this place.
 D = Time resting spent in this place.
 E = Time spent auto-exploring this place.
 F = Levels seen in this place.
 G = Mean time per level.
                   A        B        C        D        E       F      G
               +--------+--------+--------+--------+--------+-----+--------+
         Total |   5169 |   4998 |    171 |    268 |   3361 |   7 |  738.4 |
       Dungeon |   5130 |   4966 |    164 |    268 |   3361 |   6 |  855.0 |
        Temple |     38 |     31 |      7 |      0 |      0 |   1 |   38.0 |
               +--------+--------+--------+--------+--------+-----+--------+

Top non-repeatable levels by time:
     D:1: 1202 daAuts
     D:4: 1134 daAuts
     D:3: 1050 daAuts
     D:2: 977 daAuts
     D:5: 639 daAuts
     D:6: 126 daAuts
  Temple: 38 daAuts
